 Dungeon Crawl Stone Soup version 0.31.0-32-g396128a36d (webtiles) character file.

Game seed: 17143643914763138542

9095 AgentFluffy69 the Basher (level 11, -15/145 HPs)
             Began as a Minotaur Berserker on Apr 23, 2024.
             Was a High Priest of Trog.
             Demolished by an orc knight
             ... wielding a +0 dire flail
              (34 damage)
             ... on level 1 of the Orcish Mines.
             The game lasted 00:30:30 (10645 turns).

AgentFluffy69 the Basher (Minotaur Berserker)      Turns: 10645, Time: 00:30:30

Health: -15/145    AC: 13    Str: 26    XL:     11   Next: 18%
Magic:  0/10       EV: 17    Int:  4    God:    Trog [*****.]
Gold:   729        SH:  0    Dex: 10    Spells: 10/10 levels left

rFire   + . .        B - +2 mace (elec)
rCold   + . .        n - orb {mayhem}
rNeg    . . .        c - +0 scale mail
rPois   .            (helmet restricted)
rElec   .            k - scarf {rC+ rF+}
rCorr   .            (no gloves)
SInv    .            (no boots)
Will    .....        y - amulet of guardian spirit Stlth
                     D - +4 ring of protection
HPRegen 0.44/turn    J - +5 ring of evasion
MPRegen 0.12/turn

%: mayhem, guardian spirit
@: mighty, berserking (expiring), very quick
A: horns 2, retaliatory headbutt
a: Renounce Religion, Berserk, Trog's Hand, Brothers in Arms


You were on level 1 of the Orcish Mines.
You worshipped Trog.
Trog was extremely pleased with you.
You visited 3 branches of the dungeon, and saw 12 of its levels.

You collected 729 gold pieces.

Inventory:

Hand Weapons
 a - a +0 mace
 x - a +1 mace of holy wrath
 B - a +2 mace of electrocution (weapon)
 F - a +3 morningstar
 H - a +2 dire flail of holy wrath
Missiles
 d - a throwing net (quivered)
Armour
 b - a +0 animal skin
 c - a +0 scale mail (worn)
 k - a scarf of resistance (worn)
 n - an orb of mayhem (worn)
Jewellery
 q - an amulet of the acrobat
 y - an amulet of guardian spirit (around neck)
 z - a ring of resist corrosion
 D - a +4 ring of protection (left hand)
 J - a +5 ring of evasion (right hand)
 M - a +6 ring of intelligence
Wands
 t - a wand of paralysis (7)
 G - a wand of digging (5)
 I - a wand of mindburst (8)
 K - a wand of roots (4)
 L - a wand of light (5)
Scrolls
 h - 2 scrolls of amnesia
 l - 6 scrolls of teleportation
 m - a scroll of enchant armour
 o - a scroll of vulnerability {unknown}
 r - 2 scrolls of fog
 s - a scroll of silence {unknown}
 v - a scroll of immolation {unknown}
 w - a scroll of fear {unknown}
 A - a scroll of poison {unknown}
 C - a scroll of torment
Potions
 e - a potion of attraction
 f - 3 potions of curing
 g - a potion of might
 i - a potion of brilliance
 j - a potion of enlightenment
 p - a potion of lignification
 u - 2 potions of invisibility
 E - a potion of magic {unknown}
 N - a potion of mutation {unknown}


   Skills:
 + Level 9.5 Fighting
 + Level 13.9 Maces & Flails
 + Level 11.7 Armour
 + Level 6.0 Dodging
 + Level 2.2 Stealth


You had 10 spell levels left.
You didn't know any spells.
Your spell library was empty.

Dungeon Overview and Level Annotations

Branches:
Dungeon (9/15)             Temple (1/1) D:5             Orc (2/2) D:9
   Lair: D:8-11         Elf: Orc:2

Altars:
Ashenzari
Cheibriados
Dithmenos
Elyvilon
Fedhas
Gozag
Hepliaklqana
Kikubaaqudgha
Makhleb
Nemelex Xobeh
Okawaru
Qazlal
Ru
Sif Muna
Trog
Uskayaw
Vehumet
Wu Jian
Xom
Yredelemnul
Zin
The Shining One


Innate Abilities, Weirdness & Mutations

You have a pair of horns on your head.
You reflexively headbutt those who attack you in melee.


Message History

You hit the orc knight.
The orc knight is heavily wounded.
You barely miss the orc knight. You headbutt the orc knight.
The orc knight is heavily wounded.
The orc knight completely misses you. The orc warrior misses you.
You closely miss the orc knight.
You headbutt the orc knight, but do no damage.
The orc knight is heavily wounded.
You closely miss the orc knight.
The orc knight is heavily wounded.
The orc knight misses you. You furiously retaliate!
You headbutt the orc knight!
The orc warrior hits you with a +0 battleaxe.
You hit the orc warrior.
The orc warrior is almost dead.
You barely miss the orc warrior. You headbutt the orc warrior.
You kill the orc warrior!
Trog accepts your kill.
The orc knight flies into a frenzy!
The orc knight hits you but does no damage.
You barely miss the orc knight.
The orc knight is heavily wounded.
The orc knight closely misses you.
You bludgeon the orc knight!! You headbutt the orc knight.
The orc knight is almost dead.
You sock the orc knight!
You headbutt the orc knight, but do no damage.
The orc knight is almost dead.
The orc knight hits you with a +0 dire flail!
* * * LOW HITPOINT WARNING * * *
You closely miss the orc knight.
The orc knight is almost dead.
The orc knight hits you with a +0 dire flail!!
* * * LOW HITPOINT WARNING * * *
You barely miss the orc knight.
The orc knight is almost dead.
You closely miss the orc knight.
The orc knight is almost dead.
The orc knight hits you with a +0 dire flail!!!
You die...

.......#.###.........##.##
..........###...)........#
.......#.##..##[)<...##.##
........)))..)..[....####
.........#....[.......#
...........[.........##
....................##
...............o[....###
................@......##
........#..###..)[......## ###
.........####........#...####.##
##......#.#.....#.#.....#.#....#
.##....#.........###..........##
......##........###....##.#.###
..#.###....###...##..########
...## ##..## ##)##...# #.##
##....####).##.##


You could see a neutral orc knight (fast, strong, frenzied).

Vanquished Creatures
  Erolcha (D:9)
  Harold (D:9)
  Erica (D:9)
  A two-headed ogre (D:9)
  Jeremiah (D:6)
  A kobold demonologist (D:9)
  Sigmund (D:3)
  2 wyverns
  A wraith (D:9)
  A steam dragon (D:8)
  2 wargs
  Duvessa (D:5)
  A water moccasin (D:9)
  9 orc warriors
  3 ice beasts
  A black bear (D:7)
  3 ogres
  A centaur (D:5)
  4 phantoms
  The ghost of Syis the Conjurer, an amateur DECj (D:3)
  3 bullfrogs
  3 kobold brigands
  3 necrophages (D:4)
  3 scorpions
  A gnoll sergeant (D:9)
  14 wights (D:7)
  Dowan (D:5)
  4 howler monkeys
  2 jellies
  7 orc priests
  2 gnoll boudas (D:5)
  2 hounds
  A sleepcap (D:5)
  9 iguanas
  13 orc wizards
  3 hound zombies (D:4)
  6 gnolls
  7 adders
  3 shadow imps (D:4)
  4 white imps
  An ufetubus (D:7)
  2 adder zombies (D:4)
  A ribbon worm (D:5)
  2 dart slugs
  37 orcs
  8 endoplasms
  3 giant cockroaches
  5 hobgoblins
  2 jackals (D:1)
  15 kobolds
  7 quokkas
  8 ball pythons
  4 frilled lizards
  5 goblins
  2 goblin zombies (D:6)
  6 rats
236 creatures vanquished.

Vanquished Creatures (collateral kills)
  2 wights (D:7)
  A gnoll (D:9)
  An ufetubus (D:7)
  An orc (D:7)
  A kobold (D:9)
6 creatures vanquished.

Vanquished Creatures (others)
  An orc (Orc:1)
  3 kobolds
4 creatures vanquished.

Grand Total: 246 creatures vanquished

Notes
Turn   | Place    | Note
-------+----------+-------------------------------------------
     0 | D:1      | AgentFluffy69 the Minotaur Berserker began the quest for
                  | the Orb.
     0 | D:1      | Reached XP level 1. HP: 19/19 MP: 0/0
   191 | D:1      | Reached XP level 2. HP: 27/27 MP: 1/1
   193 | D:1      | Reached skill level 4 in Maces & Flails
   619 | D:2      | Found a faded altar of an unknown god.
   699 | D:2      | Reached XP level 3. HP: 33/33 MP: 2/2
   892 | D:2      | Reached ** piety under Trog
  1248 | D:3      | Found a runed translucent gate.
  1248 | D:3      | Found a runed translucent gate.
  1249 | D:3      | Found a runed translucent gate.
  1251 | D:3      | Noticed Syis's ghost (amateur DECj)
  1252 | D:3      | Identified the +8 hand axe of Greatest Utility {antimagic,
                  | rF+ Str+3}
  1336 | D:3      | Reached skill level 5 in Maces & Flails
  1336 | D:3      | Reached XP level 4. HP: 36/40 MP: 3/3
  1446 | D:3      | Noticed Sigmund
  1460 | D:3      | Killed Sigmund
  1461 | D:3      | Reached skill level 6 in Maces & Flails
  1461 | D:3      | Reached XP level 5. HP: 47/47 MP: 4/4
  1581 | D:3      | Found a burning altar of Makhleb.
  1661 | D:3      | Reached XP level 6. HP: 42/53 MP: 5/5
  1896 | D:3      | Killed Syis's ghost
  2200 | D:4      | Found an ornate altar of the Wu Jian Council.
  2293 | D:4      | Found a blossoming altar of Fedhas.
  2317 | D:4      | Found a broken altar of Ashenzari.
  2416 | D:4      | Reached skill level 5 in Armour
  2424 | D:4      | Reached skill level 5 in Fighting
  2424 | D:4      | Reached skill level 7 in Maces & Flails
  2440 | D:4      | Found a white marble altar of Elyvilon.
  2549 | D:4      | Reached XP level 7. HP: 61/61 MP: 6/6
  2873 | D:4      | Found a snail-covered altar of Cheibriados.
  2951 | D:4      | Found a shimmering altar of Xom.
  3037 | D:4      | Reached skill level 8 in Maces & Flails
  3045 | D:4      | Reached *** piety under Trog
  3116 | D:5      | Entered Level 5 of the Dungeon
  3123 | D:5      | Reached XP level 8. HP: 20/70 MP: 2/7
  3589 | D:5      | Noticed Dowan
  3589 | D:5      | Noticed Duvessa
  3608 | D:5      | Killed Duvessa
  3609 | D:5      | Reached skill level 9 in Maces & Flails
  3609 | D:5      | Killed Dowan
  4813 | D:5      | Reached XP level 9. HP: 78/78 MP: 8/8
  4814 | D:5      | Reached **** piety under Trog
  4929 | D:5      | Found a staircase to the Ecumenical Temple.
  5151 | Temple   | Entered the Ecumenical Temple
  5209 | D:6      | Noticed Jeremiah
  5222 | D:6      | Reached skill level 10 in Maces & Flails
  5513 | D:6      | Killed Jeremiah
  5514 | D:6      | Reached skill level 1 in Stealth
  5653 | D:6      | Found a sand-covered staircase.
  5849 | D:6      | Found an iron altar of Okawaru.
  6254 | D:7      | Reached skill level 11 in Maces & Flails
  6602 | D:7      | Noticed a moth of wrath
  6605 | D:7      | Found a bloodstained altar of Trog.
  6682 | D:7      | Reached skill level 10 in Armour
  7063 | D:7      | Reached XP level 10. HP: 83/84 MP: 9/9
  7163 | D:8      | Found a sacrificial altar of Ru.
  7519 | D:8      | Reached skill level 5 in Dodging
  8209 | D:9      | Reached skill level 12 in Maces & Flails
  8213 | D:9      | Noticed a two-headed ogre
  8218 | D:9      | Killed a two-headed ogre
  8271 | D:9      | Found a hide-covered altar of Uskayaw.
  8343 | D:9      | Found a stormy altar of Qazlal.
  8380 | D:9      | Noticed Harold
  8389 | D:9      | Killed Harold
  8389 | D:9      | Reached ***** piety under Trog
  8493 | D:9      | Found a staircase to the Orcish Mines.
  8685 | D:9      | Noticed a sun demon
  8687 | D:9      | Reached skill level 13 in Maces & Flails
  8934 | D:9      | Found a hazy altar of Hepliaklqana.
  9025 | D:9      | Noticed Erolcha
  9032 | D:9      | Killed Erolcha
  9330 | D:9      | Noticed Erica
  9345 | D:9      | Killed Erica
  9346 | D:9      | Reached XP level 11. HP: 42/97 MP: 3/10
  9592 | D:9      | Found a radiant altar of Vehumet.
  9841 | Orc:1    | Entered Level 1 of the Orcish Mines
 10562 | Orc:2    | Entered Level 2 of the Orcish Mines
 10619 | Orc:2    | Noticed an orc knight
 10645 | Orc:1    | Demolished by an orc knight

Illustrated notes

Levels and vault maps discovered:
D:1:      nicolae_arrival_somewhat_less_tricky_arrival, layout_rooms
D:2:      layout_loops_ring, basic_ecumenical_altar
D:3:      layout_basic, bloody_makhleb, biasface_ghost_orc_armoury,
          minmay_goblin_kobold_house, uniq_sigmund
D:4:      layout_rooms, mainiacjoe_overflow_cross_hatched,
          fedhas_altar_decomposition, nicolae_wu_jian_wuxing_cycle,
          kennysheep_mini, cheibrodos_ashenzari_chains, marbit_many_paths,
          serial_library, serial_library_hellmonk_statue_hall,
          serial_library_regret_index_headful,
          serial_library_hellmonk_hallway_b, serial_library_hellmonk_octagon,
          serial_library_hellmonk_filled_rooms, serial_library_hellmonk_room_c,
          serial_library_hellmonk_hallway_b,
          serial_library_hellmonk_reading_circle
D:5:      layout_gridville, lemuel_temple_firewalk_b, minmay_pentangle,
          uniq_duvessa
D:6:      layout_loops_cross, hellmonk_okawaru_the_only_friend_you_need,
          enter_ossuary_4, uniq_jeremiah, uniq_edmund
D:7:      layout_basic, tgw_trog
D:8:      layout_basic, mainiacjoe_overflow_six_doors_small
D:9:      layout_stronghold, mainiacjoe_overflow_alcove_2, pf_just_have_faith,
          nicolae_overflow_squiral, orc_0_dummy, nicolae_water_bricks,
          uniq_erolcha, uniq_erica, uniq_harold
Temple:   hellmonk_temple_micro_hex
Orc:1:    layout_caves, minmay_orc_temple_a
Orc:2:    st_orc_rangers, layout_diamond_mine, serial_shops,
          nicolae_shop_waterfront

Skill      XL: |  1  2  3  4  5  6  7  8  9 10 11 |
---------------+----------------------------------+-----
Maces & Flails | 4 5 6 7 8 9 11 13 | 13.9
Fighting       | 4 5 6 7 9 |  9.5
Armour         | 3 4 5 6 8 10 11 | 11.7
Dodging        | 3 4 5 6 |  6.0
Stealth        | 1 2 |  2.2

Action                     |  1- 3 |  4- 6 |  7- 9 | 10-12 || total
---------------------------+-------+-------+-------+-------++-------
  Melee: Mace              |    76 |    56 |   348 |   222 ||   702
         Headbutt          |     7 |     3 |    68 |    44 ||   122
         Punch             |       |     1 |     5 |       ||     6
 Invoke: Berserk           |     1 |     2 |    11 |     7 ||    21
         Trog's Hand       |       |     1 |       |       ||     1
    Use: Scroll            |       |     6 |     5 |     1 ||    12
         Potion            |       |       |     8 |     1 ||     9
 Armour: Scale mail        |    55 |    50 |   194 |   153 ||   452
  Dodge: Dodged            |    41 |    40 |   148 |   129 ||   358
